 Dungeon Crawl Stone Soup version 0.31-a0-216-g22e908daa7 (webtiles) character file.

Game seed: 8205379128049616586

42 qw the Shield-Bearer (level 3, 0/23 HPs)
             Began as a Gargoyle Fighter on July 1, 2023.
             Slain by a cerulean imp
             ... wielding a +1 spear
             ... summoned by Natasha
              (2 damage)
             ... on level 3 of the Dungeon.
             The game lasted 00:00:41 (1503 turns).

qw the Shield-Bearer (Gargoyle Fighter)             Turns: 1503, Time: 00:00:41

Health: 0/23       AC: 12    Str: 21    XL:     3   Next: 54%
Magic:  3/3        EV:  7    Int:  8    God:
Gold:   112        SH:  4    Dex:  9    Spells: 2/2 levels left

rFire   . . .        Y - +0 war axe
rCold   . . .        c - +0 buckler
rNeg    + . .        g - +0 chain mail
rPois   inf          (no helmet)
rElec   +            (no cloak)
rCorr   .            (no gloves)
SInv    .            (no boots)
Will    .....        (no amulet) Stlth
                     (no ring)
HPRegen 0.23/turn    (no ring)
MPRegen 0.08/turn

%: no passive effects
@: about to teleport
A: sickness immunity, AC +3, negative energy resistance 1, electricity
resistance, torment resistance 1, petrification resistance
a: no special abilities


You were on level 3 of the Dungeon.
You visited 1 branch of the dungeon, and saw 3 of its levels.

You collected 112 gold pieces.


Innate Abilities, Weirdness & Mutations

You are immune to sickness and miasma.
Your stone body is resilient. (AC +3)
You are immune to poison.
You resist negative energy. (rN+)
You are resistant to electric shocks. (rElec)
You are resistant to unholy torment.
You are immune to petrification.


   Skills:
 - Level 3.2 Fighting
 - Level 3.2 Axes
 + Level 0.9 Throwing
 - Level 3.2 Armour
 - Level 3.2 Shields


You had 2 spell levels left.
You didn't know any spells.
Your spell library was empty.

Inventory:

Hand Weapons
 j - a +0 flail
 Y - a +0 war axe (weapon)
Missiles
 n - 6 javelins (quivered)
Armour
 c - a +0 buckler (worn)
 g - a +0 chain mail (worn)
 i - a +0 pair of gloves
Scrolls
 a - a scroll of identify
 o - a scroll of teleportation
Potions
 d - a potion of might
 e - a potion of curing
 l - a potion of magic {unknown}
 p - a potion of haste {unknown}

Dungeon Overview and Level Annotations

Branches:
Dungeon (3/15)

Altars:

Shops:
D:2 :

Annotations:
D:3 Natasha


Message History

You feel yourself slow down.
HP restored.
You start waiting.
You feel yourself speed up.
You recover from your berserk rage.
Done waiting.
Done exploring.
1477 ||| READING 2 scrolls of identify.
As you read the scroll of identify, it crumbles to dust.
e - a potion of curing;
1477 ||| IDENTIFYING amethyst potion Done exploring.
1478 ||| DROPPING potion of berserk rage.
You drop a potion of berserk rage.
Done exploring.
(D) Dungeon
Where to? (* - list waypoints, Enter - D:2, ? - help)
What level of the Dungeon? (default 1, ? - help)
You see here a +0 arbalest.
There is a stone staircase leading down here.
You climb downwards.
Natasha hisses angrily.
Found a whip.
There is a stone staircase leading up here.
Natasha is nearby!
Waypoint 2 assigned to D:3.
Natasha claws you.
You barely miss Natasha.
Natasha casts a spell.
You closely miss Natasha. Natasha claws you.
You hit Natasha.
Natasha is lightly wounded.
The cerulean imp hits you from afar with a +1 spear.
Natasha zaps a wand.
The puff of flame hits you!
The cerulean imp hits you but does no damage.
Natasha claws you but does no damage.
1503 ||| READING 2 scrolls of teleportation.
As you read the scroll of teleportation, it crumbles to dust.
You feel strangely unstable.
The cerulean imp hits you from afar with a +1 spear.
You die...

##.## #...#
#...# #...#
#...# ##)
#####...###....
.............#.
.......<.......
.....5.@.....#.
#####.h.######
#...# #...#
#...# #...#
..... ###.#.


You could see Natasha and a cerulean imp (summoned).

Vanquished Creatures
  A worm (D:2)
  3 endoplasms
  6 goblins
  4 hobgoblins (D:1)
  3 quokkas
  4 ball pythons
  A bat (D:2)
  4 frilled lizards (D:2)
  5 kobolds
  3 rats
34 creatures vanquished.

Notes
Turn   | Place    | Note
-------+----------+-------------------------------------------
     0 | D:1      | qw the Gargoyle Fighter began the quest for the Orb.
     0 | D:1      | Reached XP level 1. HP: 14/14 MP: 1/1
     0 | D:1      | 0 ||| qw: Version: 0.3-a-35-g05ef00e
     0 | D:1      | 0 ||| qw: Game counter: 7747
     0 | D:1      | 0 ||| qw: Melee chars always use a shield: true
     0 | D:1      | 0 ||| qw: God list: Okawaru
     0 | D:1      | 0 ||| qw: Allow faded altars: false
     0 | D:1      | 0 ||| qw: Do Orc after clearing Dungeon:15 true
     0 | D:1      | 0 ||| qw: Do second Lair branch before Depths: true
     0 | D:1      | 0 ||| qw: Lair rune preference: random
     0 | D:1      | 0 ||| qw: Goals: Normal, Zot:1-4, Slime:5, God:TSO, Crypt,
                  | Tomb, Abyss, Pan, Hells, Win
     0 | D:1      | 0 ||| PLANNING D:1-11
     4 | D:1      | 4 ||| Stepping ~*~*~tactically~*~*~ (hiding).
     5 | D:1      | 5 ||| Stepping ~*~*~tactically~*~*~ (hiding).
    21 | D:1      | Reached XP level 2. HP: 19/19 MP: 2/2
   161 | D:1      | 161 ||| Stepping ~*~*~tactically~*~*~ (stealth).
   162 | D:1      | 162 ||| Stepping ~*~*~tactically~*~*~ (stealth).
   168 | D:1      | 168 ||| Stepping ~*~*~tactically~*~*~ (stealth).
   177 | D:1      | 177 ||| Stepping ~*~*~tactically~*~*~ (stealth).
   178 | D:1      | 178 ||| Stepping ~*~*~tactically~*~*~ (stealth).
   182 | D:1      | 182 ||| Stepping ~*~*~tactically~*~*~ (hiding).
   251 | D:1      | 251 ||| Stepping ~*~*~tactically~*~*~ (stealth).
   272 | D:1      | 272 ||| Stepping ~*~*~tactically~*~*~ (stealth).
   279 | D:1      | Reached skill level 3 in Axes
   304 | D:1      | 304 ||| DROPPING +0 whip.
   424 | D:1      | Reached XP level 3. HP: 23/23 MP: 3/3
   548 | D:1      | 548 ||| READING 2 scrolls labelled UMMATI GOKHYA.
   549 | D:1      | 549 ||| READING scroll labelled VUVUZX ASOUL.
   625 | D:2      | Found Doade's Book Shop.
   717 | D:2      | 717 ||| Stepping ~*~*~tactically~*~*~ (hiding).
   718 | D:2      | 718 ||| Stepping ~*~*~tactically~*~*~ (hiding).
  1000 | D:2      | 1000 ||| Stepping ~*~*~tactically~*~*~ (stealth).
  1354 | D:2      | 1354 ||| UPGRADING to +0 chain mail.
  1364 | D:2      | 1364 ||| DROPPING +0 scale mail.
  1365 | D:2      | 1365 ||| READING scroll labelled KAEDDA DOUB.
  1366 | D:2      | 1366 ||| READING scroll labelled KAIN CEOGEDI.
  1367 | D:2      | 1367 ||| READING scroll labelled GAALINK KADOTH.
  1368 | D:2      | 1368 ||| READING 3 scrolls labelled HAAH DUXTOH.
  1372 | D:2      | 1372 ||| DRINKING 2 clear potions.
  1477 | D:2      | 1477 ||| READING 2 scrolls of identify.
  1477 | D:2      | 1477 ||| IDENTIFYING amethyst potion
  1478 | D:2      | 1478 ||| DROPPING potion of berserk rage.
  1498 | D:3      | Noticed Natasha
  1502 | D:3      | HP: 2/23 [Natasha/puff of flame (10)]
  1503 | D:3      | 1503 ||| READING 2 scrolls of teleportation.
  1503 | D:3      | Slain by a cerulean imp

Levels and vault maps discovered:
D:1:      onia_arrival_handbag, layout_rooms, hangedman_decor_riveting
D:2:      layout_loops_ring, serial_shops, shop
D:3:      layout_loops_cross, nicolae_gozag_cash_rules_everything_around_me,
          uniq_jessica, uniq_natasha, uniq_grinder

Skill      XL: |  1  2 |
---------------+-------+-----
Axes           | 2 3 |  3.2
Fighting       | |  3.2
Throwing       | |  0.9
Armour         | |  3.2
Shields        | |  3.2

Action                     || total
---------------------------++-------
  Melee: War axe           ||    79
  Throw: Javelin           ||    13
    Use: Scroll            ||     8
         Potion            ||     1
 Armour: Scale mail        ||    40
         Chain mail        ||     2
  Dodge: Dodged            ||    36
  Block: Buckler           ||     9

Table legend:
 A = Non-vault XP
 B = Vault XP
 C = Vault XP percentage of total XP
 D = Non-vault monster count
 E = Vault monster count
 F = Vault count percentage of total count
                 A         B        C        D         E       F
            +---------+---------+-------+---------+---------+-------
      Total |      55 |       5 |   8.3 |      30 |       4 |  11.8
            +---------+---------+-------+---------+---------+-------
        D:1 |      29 |       5 |  14.7 |      15 |       4 |  21.1
        D:2 |      26 |       0 |   0.0 |      15 |       0 |   0.0
            +---------+---------+-------+---------+---------+-------
